 Dungeon Crawl Stone Soup version 0.19.0-2-gae57169 (webtiles) character file.

86 LORDOFBUTT the Grasshopper (level 4, -1/30 HPs)
             Began as an Octopode Warper on Nov 7, 2016.
             Slain by a jackal (2 damage)
             ... on level 3 of the Dungeon.
             The game lasted 00:03:53 (2034 turns).

LORDOFBUTT the Grasshopper (Octopode Warper)        Turns: 2034, Time: 00:03:54

Health: -1/30      AC:  1    Str: 11    XL:     4   Next: 50%
Magic:  7/7        EV: 14    Int: 15    God:
Gold:   91         SH:  0    Dex: 11    Spells: 3 memorised, 0 levels left

rFire  . . .     SeeInvis .     j - +0 dagger
rCold  . . .     Gourm    .     (no shield)
rNeg   . . .     Faith    .     (helmet restricted)
rPois  .         Spirit   .     (no amulet)
rElec  .         Reflect  .     l - ring of resist corrosion
rCorr  +         Harm     .     (no ring)
MR     .....                    (no ring)
Stlth  +++.......               (no ring)
                                (no ring)
                                (no ring)
                                (no ring)
                                (no ring)

@: no status effects
A: almost no armour, stealthy swim, amphibious, 8 rings, constrict 8, camouflage
1, gelatinous body 1
a: no special abilities


You were on level 3 of the Dungeon.
You were not hungry.

You visited 1 branch of the dungeon, and saw 3 of its levels.

You collected 91 gold pieces.

Inventory:

Hand Weapons
 a - a +0 hand axe
 j - a +0 dagger (weapon)
Missiles
 d - 5 tomahawks of dispersal (quivered)
 e - 5 tomahawks
Jewellery
 l - a ring of resist corrosion (left tentacle)
Scrolls
 c - a scroll of blinking
 m - a scroll of fear
 o - a scroll of immolation {unknown}
 p - a scroll of amnesia {unknown}
Potions
 h - a potion of magic
 k - a potion of resistance
 n - 2 potions of curing
Books
 b - a book of Spatial Translocations

   Spells                             Type                      Level
   a - Blink                          Translocation                2
   b - Shroud of Golubria             Charms/Translocation         2
   c - Lesser Beckoning               Translocation                3
   d - Portal Projectile              Translocation                3
   e - Teleport Other                 Translocation                3
   f - Passage of Golubria            Translocation                4
Comestibles
 f - 2 bread rations
 g - a meat ration


   Skills:
 + Level 2.5 Fighting
 * Level 1.6 Short Blades
 - Level 2.1 Axes
 + Level 1.3 Throwing
 + Level 2.9 Dodging
 * Level 2.2 Stealth
 + Level 2.4 Spellcasting
 - Level 3.0 Translocations


You couldn't memorise any spells.
You knew the following spells:

 Your Spells              Type           Power        Failure   Level  Hunger
a - Blink                 Tloc           N/A          12%         2    ###....
b - Shroud of Golubria    Chrm/Tloc      #.........   17%         2    ###....
c - Lesser Beckoning      Tloc           ##........   21%         3    ###....


Dungeon Overview and Level Annotations

Branches:
Dungeon (3/15)

Altars:


Innate Abilities, Weirdness & Mutations

You cannot wear most types of armour.
You are very stealthy in the water. (Stealth+)
You are amphibious.
You can wear up to eight rings at the same time.
You can use your tentacles to constrict eight enemies at once.
Your skin changes colour to match your surroundings (Stealth+).
Your rubbery body absorbs attacks. (AC +1, EV +1)


Message History

You constrict the jackal. The jackal bites you.
* * * LOW HITPOINT WARNING * * *
You are too injured to fight recklessly!
You are too injured to fight recklessly!
You release your grip on the jackal.
The jackal bites you.
* * * LOW HITPOINT WARNING * * *
A jackal comes into view.
The jackal closely misses you.
The jackal bites you but does no damage.
The jackal bites you.
* * * LOW HITPOINT WARNING * * *
The jackal closely misses you. The jackal bites you.
* * * LOW HITPOINT WARNING * * *
The jackal barely misses you. The jackal bites you.
* * * LOW HITPOINT WARNING * * *
The jackal bites you.
You die...

# #####################
#.#####.....hh@...........#####
......!......h.................
........#################.###.#
........# #.# #.. .....%h.#
#.####. ........# #......
........# #.....# #.#####.#
#.....# #. ... #.....#


You could see 3 jackals.

Vanquished Creatures
  A bullfrog skeleton (D:3)
  An ooze (D:2)
  A dart slug (D:1)
  A leopard gecko (D:2)
  4 bats
  3 giant cockroaches
  10 hobgoblins
  3 jackals (D:2)
  6 kobolds
  A ball python (D:2)
  6 frilled lizards
  4 goblins
  8 rats
49 creatures vanquished.

Notes
Turn   | Place    | Note
-------+----------+-------------------------------------------
     0 | D:1      | LORDOFBUTT the Octopode Warper began the quest for the Orb.
     0 | D:1      | Reached XP level 1. HP: 14/14 MP: 3/3
    74 | D:1      | Reached XP level 2. HP: 12/19 MP: 5/5
   564 | D:1      | Reached skill level 1 in Stealth
   842 | D:2      | Reached XP level 3. HP: 24/24 MP: 6/6
  1221 | D:2      | Reached skill level 1 in Short Blades
  1840 | D:2      | Reached XP level 4. HP: 25/30 MP: 7/7
  1848 | D:2      | Learned a level 2 spell: Blink
  1851 | D:2      | Learned a level 2 spell: Shroud of Golubria
  1855 | D:2      | Learned a level 3 spell: Lesser Beckoning
  2034 | D:3      | HP: 1/30 [jackal (3)]
  2034 | D:3      | Slain by a jackal

Skill      XL: |  1  2  3  4 |
---------------+-------------+-----
Stealth        | 1 2 |  2.2
Short Blades   | 1 |  1.6
Fighting       | |  2.5
Axes           | |  2.1
Throwing       | |  1.3
Dodging        | |  2.9
Spellcasting   | |  2.4
Translocations | |  3.0

Action                   |  1- 3 |  4- 6 || total
-------------------------+-------+-------++-------
Melee: Hand axe          |    16 |       ||    16
       Constrict         |    26 |     3 ||    29
       Tentacles         |    10 |     4 ||    14
       Dagger            |    90 |    10 ||   100
  Use: Scroll            |       |     4 ||     4
 Stab: Sleeping          |    14 |       ||    14
  Eat: Chunk             |     2 |       ||     2
       Bread ration      |     1 |       ||     1
Armor: Skin              |     6 |     3 ||     9
Dodge: Dodged            |    63 |    12 ||    75
